 Dungeon Crawl Stone Soup version 0.21.1-1-g345015fe64 (webtiles) character file.

427 JOKERXD40 the Chopper (level 6, -9/56 HPs)
             Began as a Minotaur Berserker on June 25, 2018.
             Was a Priest of Trog.
             Mangled by an ogre
             ... wielding a +0 giant club
              (23 damage)
             ... on level 5 of the Dungeon.
             The game lasted 00:08:11 (3377 turns).

JOKERXD40 the Chopper (Minotaur Berserker)          Turns: 3377, Time: 00:08:12

Health: -9/56      AC: 14    Str: 23    XL:     6   Next: 65%
Magic:  5/5        EV:  7    Int:  4    God:    Trog [***...]
Gold:   264        SH:  0    Dex: 10    Spells: 5/5 levels left

rFire    . . .     SeeInvis .   a - +0 hand axe
rCold    . . .     Gourm    .   (no shield)
rNeg     . . .     Faith    +   v - +0 plate armour
rPois    .         Spirit   .   (helmet restricted)
rElec    .         Reflect  .   n - +0 cloak
rCorr    .         Harm     .   (no gloves)
MR       .....                  b - +0 pair of boots
Stlth    ..........             m - amulet of faith
HPRegen  0.18/turn              (no ring)
MPRegen  0.09/turn              (no ring)

@: no status effects
A: retaliatory headbutt, horns 2
a: Berserk, Trog's Hand, Burn Spellbooks, Renounce Religion


You were on level 5 of the Dungeon.
You worshipped Trog.
Trog was most pleased with you.
You were hungry.

You visited 1 branch of the dungeon, and saw 5 of its levels.

You collected 264 gold pieces.

Inventory:

Hand Weapons
 a - a +0 hand axe (weapon)
 r - a +0 blowgun
Missiles
 d - 46 bolts
 s - 5 poisoned needles (quivered)
Armour
 b - a +0 pair of boots (worn)
 n - a +0 cloak (worn)
 v - a +0 plate armour (worn)
Jewellery
 m - an amulet of faith (around neck)
Scrolls
 i - a scroll of immolation {unknown}
 j - 4 scrolls of blinking
 k - 6 scrolls of identify
 o - a scroll of enchant weapon {unknown}
 p - a scroll of remove curse
 q - a scroll of enchant armour {unknown}
Potions
 e - 2 potions of heal wounds {unknown}
 f - a potion of resistance {unknown}
 g - a potion of mutation {unknown}
 h - 3 potions of agility {unknown}
 l - 2 potions of degeneration {unknown}
 t - a potion of berserk rage {unknown}
 u - a potion of invisibility {unknown}
Books
 w - a book of Misfortune

   Spells                             Type                      Level
   a - Confusing Touch                Hexes                        1
   b - Confuse                        Hexes                        3
   c - Gell's Gravitas                Translocation                3
   d - Petrify                        Transmutation/Earth          4
   e - Metabolic Englaciation         Hexes/Ice                    5
   f - Yara's Violent Unravelling     Hexes/Transmutation          5
   Trog disapproves of the use of such an item.
Comestibles
 c - 10 rations


   Skills:
 + Level 5.4 Fighting
 + Level 6.1 Axes
 + Level 1.0 Throwing
 + Level 4.0 Armour
 + Level 3.4 Dodging
 + Level 1.3 Stealth


You had 5 spell levels left.
You didn't know any spells.

Dungeon Overview and Level Annotations

Branches:
Dungeon (5/15)
 Temple: D:4-7

Altars:
Kikubaaqudgha
Ru
Sif Muna


Innate Abilities, Weirdness & Mutations

You reflexively headbutt those who attack you in melee.
You have a pair of horns on your head.


Message History

You are too injured to fight recklessly!
You are too injured to fight recklessly!
You are too injured to fight recklessly!
You are too injured to fight recklessly!
You are too injured to fight recklessly!
You are too injured to fight recklessly!
You are too injured to fight recklessly!
You hit the ogre.
The ogre is almost dead.
Your plate armour prevents you from hitting the ogre.
The ogre is almost dead.
The ogre closely misses you.
You closely miss the ogre.
The ogre is almost dead.
The ogre barely misses you. You furiously retaliate!
You headbutt the ogre, but do no damage.
You barely miss the ogre. Your headbutt misses the ogre.
The ogre is almost dead.
The ogre hits you with a giant club!!
You die...

#####..[...####.......#
######.#####......#
#......<##.#..#.## ##
#.##<##.##.#......
+.##.##.##.##>#..#.##
#..#.##.............#
##...#####..........#
#%.[.#####.##.....#.#
##..@......##.....#.#
#.O######.##.....#.#
..... #.##.....#.#
#####. #..........# #.
#####...#### ## ...#


You could see an ogre.

Vanquished Creatures
  An ogre (D:4)
  An orc priest (D:4)
  Crazy Yiuf (D:2)
  A centaur skeleton (D:4)
  A hound (D:4)
  2 orc wizards (D:3)
  A worker ant (D:4)
  A hound skeleton (D:4)
  4 adders
  3 gnolls (D:2)
  A shadow imp (D:5)
  An adder zombie (D:5)
  2 worms
  2 dart slugs
  A leopard gecko (D:1)
  5 orcs
  3 giant cockroaches
  5 goblins
  3 hobgoblins
  4 jackals (D:3)
  A ball python (D:4)
  4 bats
  3 frilled lizards (D:1)
  A giant cockroach zombie (D:5)
  6 kobolds
  5 rats
63 creatures vanquished.

Notes
Turn   | Place    | Note
-------+----------+-------------------------------------------
     0 | D:1      | JOKERXD40 the Minotaur Berserker began the quest for the Orb.
     0 | D:1      | Reached XP level 1. HP: 19/19 MP: 0/0
   130 | D:1      | Reached skill level 4 in Axes
   133 | D:1      | Reached XP level 2. HP: 24/27 MP: 1/1
   681 | D:2      | Reached XP level 3. HP: 21/34 MP: 2/2
  1057 | D:2      | Reached ** piety under Trog
  1263 | D:2      | Found a runed door.
  1509 | D:2      | Noticed Crazy Yiuf
  1517 | D:2      | Killed Crazy Yiuf
  1517 | D:2      | Reached XP level 4. HP: 5/41 MP: 3/3
  1736 | D:3      | Reached skill level 5 in Axes
  2312 | D:3      | Reached skill level 5 in Fighting
  2312 | D:3      | Reached XP level 5. HP: 48/48 MP: 4/4
  2319 | D:3      | Reached skill level 1 in Stealth
  2342 | D:3      | Found a sacrificial altar of Ru.
  2587 | D:4      | Noticed an ogre
  2595 | D:4      | Killed an ogre
  2595 | D:4      | Reached XP level 6. HP: 45/56 MP: 5/5
  2669 | D:4      | Found an ancient bone altar of Kikubaaqudgha.
  2699 | D:4      | Reached skill level 6 in Axes
  2918 | D:4      | Reached *** piety under Trog
  2918 | D:4      | Reached skill level 1 in Throwing
  3249 | D:5      | Entered Level 5 of the Dungeon
  3249 | D:5      | Found a deep blue altar of Sif Muna.
  3377 | D:5      | Mangled by an ogre

Skill      XL: |  1  2  3  4  5  6 |
---------------+-------------------+-----
Axes           | 4 5 6 |  6.1
Fighting       | 4 5 |  5.4
Armour         | 3 4 |  4.0
Dodging        | 3 |  3.4
Stealth        | 1 |  1.3
Throwing       | 1 |  1.0

Action                   |  1- 3 |  4- 6 || total
-------------------------+-------+-------++-------
Melee: Hand axe          |    67 |    81 ||   148
       Headbutt          |    10 |    13 ||    23
 Fire: Blowgun           |       |     3 ||     3
Invok: Berserk           |     1 |       ||     1
       Burn Spellbooks   |       |     1 ||     1
  Use: Scroll            |     1 |     2 ||     3
 Stab: Sleeping          |     2 |       ||     2
  Eat: Chunk             |     3 |     5 ||     8
Armor: Animal skin       |     9 |       ||     9
       Ring mail         |     1 |    30 ||    31
       Plate armour      |       |     4 ||     4
Dodge: Dodged            |    34 |    51 ||    85
